 Dungeon Crawl Stone Soup version 0.27-a0-1319-geec4fb4e21 (webtiles) character file.

Game seed: 6068524111194341314

4 Anon1729 the Vexing (level 1, -1/15 HPs)
             Began as a Mummy Arcane Marksman on June 21, 2021.
             Slain by a jackal (3 damage)
             ... on level 1 of the Dungeon.
             The game lasted 00:00:12 (42 turns).

Anon1729 the Vexing (Mummy Arcane Marksman)           Turns: 42, Time: 00:00:13

Health: -1/15      AC:  2    Str: 13    XL:     1   Next: 58%
Magic:  3/3        EV: 12    Int: 12    God:
Gold:   0          SH:  0    Dex: 12    Spells: 2/3 levels left

rFire    x . .     SeeInvis .   (no weapon)
rCold    + . .     Faith    .   (no shield)
rNeg     + + +     Spirit   .   a - +0 robe
rPois    ∞         Reflect  .   (no helmet)
rElec    .         Harm     .   (no cloak)
rCorr    .         Rampage  .   (no gloves)
Will     .....                  (no boots)
Stlth    +.........             (no amulet)
HPRegen  0.05/turn              (no ring)
MPRegen  0.08/turn              (no ring)

@: no status effects
A: cold resistance 1, negative energy resistance 3, torment resistance 2, heat
vulnerability 1, no potions
a: no special abilities


You were on level 1 of the Dungeon.
You visited 1 branch of the dungeon, and saw 1 of its levels.

Inventory:

Missiles
 c - 2 throwing nets (quivered)
Armour
 a - a +0 robe (worn)
Scrolls
 d - a scroll of teleportation {unknown}


   Skills:
 + Level 1.1 Fighting
 + Level 1.6 Throwing
 + Level 1.6 Dodging
 + Level 1.5 Spellcasting
 + Level 2.7 Hexes


You had 2 spell levels left.
You knew the following spells:

 Your Spells              Type           Power      Damage    Failure   Level
a - Corona                Hex            7%         N/A       10%         1

Your spell library contained the following spells:

 Spells                   Type           Power      Damage    Failure   Level
 Slow                     Hex            7%         N/A       14%         2
 Inner Flame              Hex/Fire       4%         N/A       43%         3
 Portal Projectile        Hex/Tloc       8%         N/A       43%         3
 Cause Fear               Hex            3%         N/A       67%         4
 Leda's Liquefaction      Hex/Erth       2%         N/A       85%         4


Dungeon Overview and Level Annotations

Branches:
Dungeon (1/15)

Altars:


Innate Abilities, Weirdness & Mutations

You are immune to poison.
Your flesh is cold resistant. (rC+)
You are immune to negative energy. (rN+++)
You are immune to unholy pain and torment.
You are vulnerable to heat. (rF-)
You do not drink.


Message History

The jackal is moderately wounded.
The jackal barely misses you. The jackal bites you.
* * * LOW HITPOINT WARNING * * *
You hit the jackal but do no damage.
The jackal is moderately wounded.
The jackal barely misses you.
You hit the jackal.
The jackal is heavily wounded.
The jackal misses you. The jackal barely misses you.
You barely miss the jackal.
The jackal is heavily wounded.
The jackal bites you.
* * * LOW HITPOINT WARNING * * *
You closely miss the jackal.
The jackal is heavily wounded.
The jackal misses you.
You miss the jackal.
The jackal is heavily wounded.
The jackal misses you. The jackal closely misses you.
You hit the jackal but do no damage.
The jackal is heavily wounded.
The jackal closely misses you.
You barely miss the jackal.
The jackal is heavily wounded.
The jackal bites you but does no damage. x2
You hit the jackal but do no damage.
The jackal is heavily wounded.
The jackal closely misses you.
You closely miss the jackal.
The jackal is heavily wounded.
The jackal barely misses you.
You closely miss the jackal.
The jackal is heavily wounded.
The jackal bites you.
* * * LOW HITPOINT WARNING * * *
The jackal barely misses you.
You hit the jackal.
The jackal is almost dead.
The jackal bites you.
You die...

###'### +.....+
####..#..####
#....###....#
#.....#.....#
#.#.⌠.#.⌠.#.#
#.#.......#.#
#.###...###.#
#..(...$lh@.#
#####...#####..
...............
...###.J....$..
.# #........$
##.......#
#......##
##.#..## .#..#


You could see a jackal and a frilled lizard.

Vanquished Creatures
  An endoplasm (D:1)
  2 jackals (D:1)
  A frilled lizard (D:1)
4 creatures vanquished.

Notes
Turn   | Place    | Note
-------+----------+-------------------------------------------
     0 | D:1      | Anon1729 the Mummy Arcane Marksman began the quest for the
                  | Orb.
     0 | D:1      | Reached XP level 1. HP: 15/15 MP: 2/2
    42 | D:1      | Slain by a jackal

Illustrated notes

Levels and vault maps discovered:
D:1:      dpeg_arrival_court, layout_rooms, ebering_ecumenical_altar_hall,
          minmay_cut_off

Action                   || total
-------------------------++-------
Melee: Unarmed           ||    17
Throw: Javelin           ||     5
Armor: Robe              ||     5
Dodge: Dodged            ||    28

Table legend: (Time is in decaauts)
 A = Elapsed time spent in this place.
 B = Non-inter-level travel time spent in this place.
 C = Inter-level travel time spent in this place.
 D = Time resting spent in this place.
 E = Time spent auto-exploring this place.
 F = Levels seen in this place.
 G = Mean time per level.
                   A        B        C        D        E       F      G
               +--------+--------+--------+--------+--------+-----+--------+
         Total |     44 |     44 |      0 |      0 |     10 |   1 |   44.0 |
       Dungeon |     44 |     44 |      0 |      0 |     10 |   1 |   44.0 |
               +--------+--------+--------+--------+--------+-----+--------+

Top non-repeatable levels by time:
     D:1: 44 daAuts
